 Dungeon Crawl Stone Soup version 0.31-a0-925-g0a390f2509 (webtiles) character file.

Game seed: 5276888132847218853

334 IdlyInterested the Trooper (level 6, -17/52 HPs)
             Began as a Demonspawn Wanderer on Oct 18, 2023.
             Demolished by an ogre
             ... wielding a +0 giant club
              (26 damage)
             ... on level 4 of the Dungeon.
             The game lasted 00:16:09 (3902 turns).

IdlyInterested the Trooper (Demonspawn Wanderer)    Turns: 3902, Time: 00:16:09

Health: -17/52     AC:  5    Str: 18    XL:     6   Next: 27%
Magic:  7/7        EV: 12    Int: 19    God:
Gold:   82         SH:  0    Dex: 14    Spells: 6/7 levels left

rFire   . .          .
                       - Unarmed
rCold   x . .        (no shield)
rNeg    + . .        g - +1 leather armour "Haneveck" {Int+6}
rPois   .            (no helmet)
rElec   .            (no cloak)
rCorr   .            (no gloves)
SInv    +            (no boots)
Will    +....        (no amulet)
Stlth   +            e - ring "Lenaekai" {rF- rN+ Str+5 SInv}
HPRegen 0.28/turn    x - ring "Atioq" {Fire Will+}
MPRegen 0.10/turn

%: no passive effects
@: no status effects
A: rugged brown scales 1, powered by pain 2
a: no special abilities


You were on level 4 of the Dungeon.
You visited 1 branch of the dungeon, and saw 4 of its levels.

You collected 225 gold pieces.
You spent 143 gold pieces at shops.

Inventory:

Hand Weapons
 a - a +0 hand axe
 n - a +0 spear
 o - a +0 great sword
 q - a -2 falchion
 t - a +3 dagger
 A - a +0 dagger of venom
 B - a +1 dagger of draining
 C - a +1 whip of electrocution
 F - a +0 flail
Missiles
 k - 27 stones (quivered)
 u - 16 poisoned darts
Armour
 g - the +1 leather armour "Haneveck" (worn) {Int+6}
   (You found it on level 2 of the Dungeon)

   Int+6:     It affects your intelligence (+6).
 i - an orb of mayhem
Magical Staves
 f - a staff of cold
 m - a staff of death
Jewellery
 e - the ring "Lenaekai" (left hand) {rF- rN+ Str+5 SInv}
   (You found it on level 2 of the Dungeon)

   [ring of positive energy]

   Str+5:     It affects your strength (+5).
   rF-:       It makes you vulnerable to fire.
   rN+:       It protects you from negative energy.
   SInv:      It lets you see invisible.
 x - the ring "Atioq" (right hand) {Fire Will+}
   (You found it on level 3 of the Dungeon)

   [ring of fire]

   Fire:      It enhances your fire magic.
   rF+:       It protects you from fire.
   rC-:       It makes you vulnerable to cold.
   Will+:     It increases your willpower.
 z - a ring of protection from cold
Wands
 c - a wand of flame (2)
Scrolls
 d - a scroll of blinking
 h - a scroll of enchant weapon
 l - 2 scrolls of teleportation
 r - 2 scrolls of immolation
 v - 2 scrolls of fear {unknown}
 w - a scroll of amnesia
 y - a scroll of silence
Potions
 b - a potion of haste
 j - a potion of cancellation {unknown}
 s - a potion of magic {unknown}
 D - a potion of mutation {unknown}


   Skills:
 * Level 5.1 Fighting
 - Level 1.0 Throwing
 - Level 2.0 Armour
 + Level 2.0 Dodging
 - Level 1.0 Stealth
 - Level 4.5 Unarmed Combat
 - Level 1.0 Spellcasting
 - Level 1.0 Translocations
 - Level 1.0 Evocations


You had 6 spell levels left.
You knew the following spells:

 Your Spells              Type           Power      Damage    Failure   Level
a - Apportation           Tloc           8%         N/A       14%         1

Your spell library contained the following spells:

 Spells                   Type           Power      Damage    Failure   Level
 Foxfire                  Conj/Fire      4%         2x1d4     22%         1
 Ensorcelled Hibernation  Hex/Ice        0%         N/A       32%         2
 Jinxbite                 Hex            0%         N/A       32%         2
 Static Discharge         Conj/Air       0%         2-2/arc   32%         2
 Gell's Gravitas          Tloc           4%         N/A       41%         3
 Airstrike                Air            0%         2d(0-16)  91%         4
 Anguish                  Hex/Necr       0%         N/A       91%         4
 Summon Lightning Spire   Summ/Air       0%         N/A       91%         4
 Plasma Beam              Fire/Air       0%         2x1d10    100%        6
 Starburst                Conj/Fire      0%         6d3       100%        6


Dungeon Overview and Level Annotations

Branches:
Dungeon (4/15)
 Temple: D:4-7

Altars:
Xom

Shops:
D:1 [([**


Innate Abilities, Weirdness & Mutations

You are partially covered in rugged brown scales. (AC +1, +3% HP)
You sometimes gain power by taking damage.


Message History

You kill the hobgoblin!
As you open the large door, it creaks loudly!
An adder and an ogre come into view.
The ogre shouts!
You hit the adder.
The adder is lightly wounded.
The adder bites you but does no damage. The adder bites you.
You are poisoned.
The adder poisons you!
You feel sick. The adder attacks as it pursues you!
The adder bites you but does no damage.
You feel sick.
You feel sick. The adder bites you but does no damage.
You feel sick.
You hit the ogre but do no damage.
You feel sick. The ogre hits you with a +0 giant club!
You hit the ogre but do no damage.
You feel sick.
You are no longer poisoned.
The ogre hits you with a +0 giant club!
You barely miss the ogre. You hit the ogre.
The ogre is lightly wounded.
The ogre misses you.
You punch the ogre!
The ogre is moderately wounded.
You hit the ogre.
The ogre is moderately wounded.
The ogre hits you with a +0 giant club!
* * * LOW HITPOINT WARNING * * *
You punch the ogre!
The ogre is severely wounded.
The ogre hits you with a +0 giant club.
* * * LOW HITPOINT WARNING * * *
You completely miss the ogre.
The ogre is severely wounded.
You barely miss the ogre. You punch the ogre!
The ogre is almost dead.
The ogre hits you with a +0 giant club!!
Ouch! That really hurt!
You die...

#.# #.# #.# #.# ######.##
........# .#####..#
.....#..############
.###....##......@OS### #
...........#######...###....
#####...#### #..........#
##.## ###.#.#''#.#.# #.#
#.....#..# ..# #.#
#...###### #.# ##'## ###...+
+.# ##...## #.....+ +.#
##.....## #.#.#.### ###.#
##.


You could see an ogre and an adder.

Vanquished Creatures
  2 ice beasts (D:3)
  3 adders
  5 gnolls
  2 worms (D:2)
  A dart slug (D:3)
  2 orcs (D:3)
  6 ball pythons
  An endoplasm (D:1)
  5 giant cockroaches
  7 goblins
  4 hobgoblins
  4 jackals (D:2)
  4 quokkas (D:3)
  6 bats
  3 frilled lizards
  7 kobolds
  10 rats
72 creatures vanquished.

Vanquished Creatures (others)
  A goblin (D:1)
1 creature vanquished.

Grand Total: 73 creatures vanquished

Notes
Turn   | Place    | Note
-------+----------+-------------------------------------------
     0 | D:1      | IdlyInterested the Demonspawn Wanderer began the quest for
                  | the Orb.
     0 | D:1      | IdlyInterested set off with the following items: a +0 club,
                  | a potion of haste, a wand of flame (3), a scroll of
                  | blinking, a +0 robe, a potion of heal wounds; and the
                  | following spell memorised: Apportation; and the following
                  | spells available to memorise: Gell's Gravitas.
     0 | D:1      | Reached XP level 1. HP: 15/15 MP: 2/2
   163 | D:1      | Found Sah Dina's Assorted Antiques.
   299 | D:1      | Reached skill level 1 in Armour
   301 | D:1      | Found Qyumydis's Weapon Boutique.
   302 | D:1      | Found Paidgh's Antique Armour Emporium.
   372 | D:1      | Gained mutation: You sometimes gain a little power by
                  | taking damage. [demonic ancestry]
   372 | D:1      | Reached XP level 2. HP: 16/21 MP: 3/3
   613 | D:1      | Reached skill level 1 in Throwing
   707 | D:1      | Found Fovuopisch's Assorted Antiques.
   774 | D:1      | Found Luwiaf's Antique Armour Shoppe.
  1133 | D:1      | Bought 2 scrolls labelled ISHRIE OKAZ for 50 gold pieces
  1133 | D:1      | Bought a scroll labelled TEHADUL TISIHI for 25 gold pieces
  1402 | D:2      | Reached skill level 1 in Stealth
  1402 | D:2      | Gained mutation: You sometimes gain power by taking damage.
                  | [demonic ancestry]
  1402 | D:2      | Reached XP level 3. HP: 27/27 MP: 4/4
  1409 | D:2      | Reached skill level 2 in Fighting
  1675 | D:2      | Identified the +1 leather armour "Haneveck" {Int+6}
  2117 | D:2      | Identified the ring "Lenaekai" {rF- rN+ Str+5 SInv}
  2268 | D:1      | Bought a scroll labelled TEHADUL TISIHI for 18 gold pieces
  2268 | D:1      | Bought a scroll labelled LUV GOUTENUKK for 18 gold pieces
  2345 | D:3      | Reached XP level 4. HP: 27/34 MP: 5/5
  2363 | D:3      | Identified the ring "Atioq" {Fire Will+}
  2375 | D:3      | Noticed an ice beast
  2376 | D:3      | Noticed an ice beast
  2641 | D:3      | Killed an ice beast
  2642 | D:3      | Reached skill level 4 in Fighting
  2642 | D:3      | Reached XP level 5. HP: 18/42 MP: 6/6
  2792 | D:3      | Killed an ice beast
  2793 | D:3      | Gained mutation: You are partially covered in rugged brown
                  | scales. (AC +1, +3% HP) [demonic ancestry]
  2793 | D:3      | Reached XP level 6. HP: 24/51 MP: 7/7
  3117 | D:3      | Found a shimmering altar of Xom.
  3269 | D:1      | Bought a lumpy silvery potion for 16 gold pieces
  3269 | D:1      | Bought a coppery potion for 16 gold pieces
  3677 | D:4      | Reached skill level 5 in Fighting
  3902 | D:4      | Demolished by an ogre

Illustrated notes

Levels and vault maps discovered:
D:1:      shiori_arrival_elements, layout_loops_ring, serial_shops,
          nicolae_shop_scrapyard, nicolae_shop_tiny_waterfront,
          nicolae_shop_peninsula, nicolae_lakefront_shop, shop_fountains,
          minmay_statues_item, minmay_pentomino_r4
D:2:      layout_loops_corners, basic_altar
D:3:      layout_rooms, xom_confusion_cloud
D:4:      layout_loops_corners, minmay_temple_entry_grid, minmay_mini_jars

Skill      XL: |  1  2  3  4  5  6 |
---------------+-------------------+-----
Armour         | 1 2 |  2.0
Throwing       | 1 |  1.0
Stealth        | 1 |  1.0
Fighting       | 2 4 5 |  5.1
Dodging        | 2 |  2.0
Unarmed Combat | |  4.5
Spellcasting   | |  1.0
Translocations | |  1.0
Evocations     | |  1.0

Action                     |  1- 3 |  4- 6 || total
---------------------------+-------+-------++-------
  Melee: Unarmed           |   120 |   122 ||   242
         Punch             |     1 |     5 ||     6
  Throw: Stone             |     1 |     1 ||     2
         Dart              |       |     2 ||     2
  Evoke: Wand              |       |     1 ||     1
    Use: Potion            |     1 |       ||     1
         Scroll            |       |     6 ||     6
   Stab: Sleeping          |     3 |       ||     3
         Confused          |       |     1 ||     1
 Armour: Robe              |    48 |       ||    48
         Leather armour    |    20 |    66 ||    86
  Dodge: Dodged            |    63 |    62 ||   125

Table legend: (Time is in decaauts)
 A = Elapsed time spent in this place.
 B = Non-inter-level travel time spent in this place.
 C = Inter-level travel time spent in this place.
 D = Time resting spent in this place.
 E = Time spent auto-exploring this place.
 F = Levels seen in this place.
 G = Mean time per level.
                   A        B        C        D        E       F      G
               +--------+--------+--------+--------+--------+-----+--------+
         Total |   3887 |   3091 |    796 |    751 |   1510 |   4 |  971.8 |
       Dungeon |   3887 |   3091 |    796 |    751 |   1510 |   4 |  971.8 |
               +--------+--------+--------+--------+--------+-----+--------+

Top non-repeatable levels by time:
     D:1: 1382 daAuts
     D:2: 1238 daAuts
     D:3: 780 daAuts
     D:4: 484 daAuts
